Match 46949844
Unlisted

Match 46949844
End
Construct Barracks
Selects Advanced Infantry Battlegroup
Riflemen Squad
1⁄4-ton 4x4 Truck
M1 Mortar Team
Mechanized Support Center
Riflemen Squad
Grenade Package
Selects Convert to Ranger Squad
Convert to Ranger Squad
Construct Medical Station
Selects Designate Assault Position
Construct Motor Pool
Convert to Ranger Squad
M3 75 mm Gun Motor Carriage
Selects Artillery Observers
Improvised Armor
M24 Chaffee Light Tank
M3 75 mm Gun Motor Carriage
Construct Tank Depot
Selects Infantry Assault
Ranger Squad
Engineer Squad
M4A1 76mm Conversion
Gotohell Nip
龙舞青云
LoveZhu
Shingles
a.foxrobinson
Ayre97
0
0

Comments sign in to comment!

No comments posted yet!